 Dungeon Crawl Stone Soup version 0.26.0-10-g1f06aea511 (webtiles) character file.

Game seed: 11044358443434031375

162672 EnegeticOcto the Champion of Chaos (level 16, -2/150 HPs)
             Began as a Deep Dwarf Fighter on Jan 24, 2021.
             Was the Champion of Makhleb.
             Killed from afar by a nagaraja (32 damage)
             ... with a lance of force
             ... on level 4 of the Snake Pit.
             The game lasted 00:17:23 (16634 turns).

EnegeticOcto the Champion of Chaos (DDFi)          Turns: 16634, Time: 00:17:23

Health: -2/150     AC: 25    Str: 29    XL:     16   Next: 97%
Magic:  3/3        EV:  9    Int: 10    God:    Makhleb [******]
Gold:   535        SH: 14    Dex: 12    Spells: 15/15 levels left

rFire    + . .     SeeInvis .   a - +1 broad axe (flame)
rCold    x . .     Faith    +   c - +0 kite shield
rNeg     + . .     Spirit   .   p - +0 plate armour
rPois    +         Reflect  .   j - +2 helmet
rElec    .         Harm     .   Q - scarf {repulsion}
rCorr    .         Rampage  .   y - +1 pair of gloves {Str+3}
Will     ++...                  r - +2 pair of boots
Stlth    ..........             F - amulet of faith
HPRegen  0.00/turn              E - ring of poison resistance
MPRegen  0.08/turn              S - ring of fire

@: lethally poisoned (-2 -> -2), non-regenerating, repel missiles
A: damage resistance, heal wounds, negative energy resistance 1, sense
surroundings 2, no regeneration
}: 1/15 runes: decaying
a: Heal Wounds, Renounce Religion, Minor Destruction, Lesser Servant of Makhleb,
Major Destruction, Greater Servant of Makhleb


You were on level 4 of the Snake Pit.
You worshipped Makhleb.
Makhleb was exalted by your worship.
You visited 6 branches of the dungeon, and saw 29 of its levels.
You also visited: Bailey and Ice Cave.

You collected 2273 gold pieces.
You spent 1738 gold pieces at shops.

Inventory:

Hand Weapons
 a - a +1 broad axe of flaming (weapon)
 J - a +1 whip of distortion
Missiles
 x - 2 throwing nets
Armour
 c - a +0 kite shield (worn)
 j - a +2 helmet (worn)
 p - a +0 plate armour (worn)
 r - a +2 pair of boots (worn)
 y - a +1 pair of gloves of strength (worn)
 O - a +0 cloak
 Q - a scarf of repulsion (worn)
Jewellery
 E - a ring of poison resistance (left hand)
 F - an amulet of faith (around neck)
 G - a +4 ring of protection
 H - an uncursed ring of protection from cold
 S - a ring of fire (right hand)
Wands
 i - a wand of paralysis (20)
 o - a wand of acid (8) {@v1}
 t - a wand of polymorph (26)
 C - a wand of digging (6) {@v3}
 D - a wand of enslavement (18)
 P - a wand of disintegration (24)
Scrolls
 g - 2 scrolls of enchant armour
 k - 13 scrolls of teleportation {@r3}
 n - 8 scrolls of remove curse {@r2}
 q - 3 scrolls of immolation
 v - 5 scrolls of fear
 w - a scroll of brand weapon
 A - 6 scrolls of magic mapping {@r5}
 K - a scroll of blinking {@r4}
 M - 3 scrolls of fog
Potions
 b - 14 potions of ambrosia
 d - 8 potions of might {@q3}
 e - 6 potions of flight
 f - 4 potions of attraction
 h - 7 potions of heal wounds {@q2}
 l - 4 potions of mutation
 m - 3 potions of cancellation
 s - 6 potions of curing {@q1}
 u - 3 potions of haste {@q4}
 z - a potion of berserk rage
 I - a potion of resistance {@q5}
 L - 2 potions of invisibility
 N - a potion of magic
 R - a potion of degeneration
Miscellaneous
 B - a tin of tremorstones (inert)
 V - a condenser vane (inert)


   Skills:
 + Level 11.3 Fighting
 * Level 17.4 Axes
 + Level 13.2 Armour
 + Level 3.3 Dodging
 + Level 13.2 Shields
 * Level 18.3 Invocations
 + Level 8.8 Evocations


You had 15 spell levels left.
You didn't know any spells.
Your spell library was empty.

Dungeon Overview and Level Annotations

Branches:
Dungeon (15/15)            Temple (1/1) D:7            Lair (3/6) D:10
  Swamp (4/4) Lair:3        Snake (4/4) Lair:3          Orc (2/2) D:9
    Elf (0/3) Orc:2        Vaults (0/5) D:13         Depths (0/5) D:15
 Bailey (visited)           IceCv (visited)

Altars:
Ashenzari
Cheibriados
Elyvilon
Fedhas
Gozag
Hepliaklqana
Kikubaaqudgha
Makhleb
Nemelex Xobeh
Okawaru
Qazlal
Ru
Sif Muna
Trog
Uskayaw
Vehumet
Wu Jian
Xom
Yredelemnul
Zin
The Shining One
Beogh

Shops:
D:4 }   D:13 !   D:14 }   Orc:2 !}:}

Annotations:
D:8 3 runed translucent doors, ggurman's ghost, novice PaFi
Lair:1 1 runed translucent door, dscm's ghost, novice TrHu
Lair:2 1 exclusion
Swamp:1 1 transporter, exclusion: orange crystal statue


Innate Abilities, Weirdness & Mutations

You are resistant to damage.
You can heal yourself by infusing magical energy.
You resist negative energy. (rN+)
You passively map the area around you.
You do not regenerate.


Message History

Makhleb accepts your kill.
You feel better.
You feel very sick.
The naga sharpshooter shoots an arrow.
You block the arrow.
The nagaraja hits you from afar with a +0 spear.
The naga mage hits you but does no damage.
You block the naga's attack.
The nagaraja hits you but does no damage.
The naga sharpshooter mumbles some strange words.
The naga sharpshooter magically shoots an arrow.
The arrow hits you!
* * * LOW HITPOINT WARNING * * *
You hit the naga warrior. You burn the naga warrior.
The naga warrior is heavily wounded.
You slash the naga sharpshooter! You burn the naga sharpshooter.
You hit the naga. You burn the naga. You hit the naga but do no damage.
* * * LOW HITPOINT WARNING * * *
You feel very sick.
The naga warrior hits you but does no damage.
The naga warrior constricts you.
The naga mage points at you and mumbles some strange words.
The bolt of poison hits you. You resist. The nagaraja spits poison at you.
The splash of poison is repelled.
You block the nagaraja's attack.
The naga sharpshooter shoots an arrow.
You block the arrow.
The naga sharpshooter shoots an arrow.
The arrow hits you!
* * * LOW HITPOINT WARNING * * *
The naga hits you but does no damage.
You hit the naga warrior. You burn the naga warrior.
The naga warrior is heavily wounded.
You slice the naga!! You burn the naga. You barely miss the naga.
You hit the naga sharpshooter but do no damage.
* * * LOW HITPOINT WARNING * * *
You feel very sick.
The nagaraja hits you but does no damage.
The naga mage hits you but does no damage.
You block the nagaraja's attack. The naga hits you but does no damage.
The naga warrior spits poison at you.
The splash of poison hits you but does no damage.
You are more poisoned.
You resist. The naga warrior constricts you.
The naga sharpshooter shoots an arrow.
The arrow hits you!
* * * LOW HITPOINT WARNING * * *
You feel much better.
* * * LOW HITPOINT WARNING * * *
You feel very sick.
The nagaraja gestures at you while chanting.
The lance of force hits you.
* * * LOW HITPOINT WARNING * * *
You are knocked back by the lance of force.
You slam into the rock wall!
The nagaraja hits you from afar with a +0 spear.
The naga sharpshooter shoots an arrow.
You block the arrow. The naga spits poison at you.
You block the splash of poison.
The naga sharpshooter gestures wildly while chanting.
The naga sharpshooter magically shoots an arrow.
The arrow hits you.
The naga warrior hits you with a +0 flail.
* * * LOW HITPOINT WARNING * * *
The naga warrior constricts you. The nagaraja spits poison at you.
The splash of poison hits you.
You are more poisoned.
You resist.
* * * LOW HITPOINT WARNING * * *
The naga sharpshooter casts a spell.
The naga sharpshooter magically shoots an arrow.
The arrow hits you but does no damage.
You feel better.
The naga mage hits you from afar with a +0 spear.
* * * LOW HITPOINT WARNING * * *
The nagaraja spits poison at you.
The splash of poison hits you but does no damage.
You are poisoned.
You resist. The naga barely misses you.
The naga sharpshooter spits poison at you.
You block the splash of poison. You block the naga mage's attack.
The nagaraja hits you but does no damage.
You block the naga warrior's attack. The naga warrior constricts you.
What are your orders? t - Shout!
Orders for allies: a - Attack new target. r - Retreat! s - Stop attacking. g - Guard the area. f - Follow me.
Anything else - Cancel.
Okay, then.
Unknown command.
You escape the naga warrior's grasp.
The nagaraja casts a spell at you. The poison arrow hits you!
You are more poisoned.
You partially resist.
* * * LOW HITPOINT WARNING * * *
The naga sharpshooter gestures wildly while chanting.
The naga sharpshooter magically shoots an arrow.
The arrow hits you but does no damage.
The nagaraja gestures at you while chanting.
The lance of force hits you!!
You die...

# ,, , ###...⌠....## ,,
## , .##......☼.#..# .#
*, #○......°......# , ,*
## * #.§#....○.....#, ,
# , #○○.)....°○...#, , ,
.# * #..)NNNNN.§...# ,
.# *#..[NNNN○.....#
#############N)§##...##
......)).)##°§.#@.#.## *
......[##....)○).......#
.#####)##.##§##.######.#
.# #......°.#.# * .#
#.##.##..#.# *, .#
####.##....# .#
#.##.#### * .# #.##.# *
.# #.##.# *


You could see a naga warrior, a nagaraja (fast, catching breath), 2 naga
sharpshooters and 3 nagas.

Vanquished Creatures
  A tentacled monstrosity (Swamp:4)
  Gastronok (Lair:3)
  2 nagarajas (Snake:4)
  A white draconian (IceCv)
  A deep elf annihilator (D:12)
  Azrael (Orc:2)
  2 eleionomae
  Josephine (D:11)
  4 naga warriors
  2 shambling mangroves (Swamp:4)
  Fannar (Lair:2)
  A catoblepas (Lair:2)
  4 vault guards (D:13)
  8 hydras
  A boulder beetle (D:14)
  2 centaur warriors
  An ogre mage (D:15)
  4 two-headed ogres
  A death knight (D:13)
  Erica (D:11)
  3 ghost crabs
  3 alligators
  4 anacondas
  A tengu warrior (D:15)
  2 death yaks
  5 shock serpents
  6 orc high priests
  9 skeletal warriors
  2 unseen horrors
  7 naga ritualists
  A spriggan druid (Swamp:3)
  2 goliath frogs
  4 bog bodies
  5 swamp dragons (Swamp:4)
  Pikel (D:8)
  3 mana vipers
  3 deep elf magi (D:14)
  6 orc knights
  5 ugly things
  2 orc sorcerers
  6 cyclopes
  3 centaur zombies
  5 salamanders
  24 black mambas
  5 elephants
  A torpor snail (Lair:3)
  16 naga magi
  2 gargoyles (D:14)
  5 cane toads
  2 rime drakes (Lair:3)
  A kobold demonologist (D:15)
  5 komodo dragons
  5 trolls
  A tengu conjurer (D:15)
  13 polar bears
  A queen bee (Lair:1)
  A queen bee (shapeshifter) (D:13)
  4 tyrant leeches (Swamp:4)
  Prince Ribbit (Lair:2)
  2 hornets
  11 slime creatures
  9 blink frogs
  A shadow (D:13)
  2 vampires
  A fire elemental (Orc:2)
  6 wraiths
  A wyvern (D:10)
  36 yaks
  4 vampire mosquitoes (D:15)
  Eustachio (D:5)
  4 basilisks
  7 wargs
  Edmund (D:6)
  18 nagas
  A soldier ant (shapeshifter) (D:13)
  5 swamp worms
  7 water moccasins
  An acid dragon (D:13)
  Duvessa (D:4)
  2 phantoms
  6 sky beasts
  27 orc warriors
  An eye of draining (D:14)
  5 black bears
  13 ice beasts
  2 swamp drakes (Swamp:4)
  13 ogres
  17 centaurs
  22 wolves
  A big kobold (D:14)
  10 bullfrogs
  2 wyvern zombies
  Blork the orc (D:5)
  A gnoll sergeant (Orc:1)
  A water moccasin zombie (D:7)
  Dowan (D:4)
  2 wyvern skeletons
  5 scorpions
  27 killer bees
  17 wights
  2 electric eels (Bailey)
  4 howler monkeys
  28 orc priests
  2 bullfrog zombies (D:13)
  6 hounds
  4 jellies
  6 centaur skeletons
  An iguana (D:4)
  2 bullfrog skeletons
  Ijyb (D:3)
  13 orc wizards
  13 worker ants
  A worker ant zombie (D:10)
  9 gnolls
  16 adders
  A shadow imp (D:6)
  2 white imps (D:7)
  2 ufetubi
  An ooze (D:1)
  2 adder skeletons (D:8)
  2 worms
  3 leopard geckos
  116 orcs
  4 giant cockroaches
  14 goblins
  10 hobgoblins
  13 jackals
  3 quokkas
  3 bats
  4 frilled lizards
  6 kobolds
  A leopard gecko skeleton (D:8)
  4 rats
809 creatures vanquished.

Vanquished Creatures (collateral kills)
  A thorn hunter (Swamp:4)
  Roxanne (Swamp:3)
  2 nagarajas (Snake:4)
  An ettin (D:15)
  An eleionoma (Swamp:3)
  7 naga warriors (Snake:4)
  An alligator (Swamp:3)
  5 hydras (Swamp:4)
  2 goliath frogs (Swamp:2)
  A salamander mystic (Snake:4)
  A spriggan druid (Swamp:3)
  A deep troll (D:15)
  2 bog bodies (Swamp:4)
  6 swamp dragons (Swamp:4)
  An orc sorcerer (Orc:2)
  An ugly thing (D:15)
  A will-o-the-wisp (Swamp:4)
  2 salamanders (Snake:4)
  4 black mambas
  3 guardian serpents (Snake:4)
  8 naga magi (Snake:4)
  2 tyrant leeches
  A spriggan (Swamp:3)
  3 fire elementals (Orc:2)
  4 wargs (Orc:2)
  16 nagas (Snake:4)
  A swamp worm (Swamp:2)
  2 hell hounds (Orc:2)
  4 swamp drakes (Swamp:4)
  2 orc warriors (Orc:2)
  2 ogres (Orc:2)
  2 wights (D:15)
  10 orc priests (Orc:2)
  3 orc wizards (Orc:2)
  17 orcs (Orc:2)
121 creatures vanquished.

Vanquished Creatures (others)
  An eleionoma (Swamp:3)
  A hydra (Swamp:3)
  An alligator (Swamp:2)
  A black mamba (Snake:4)
  2 polar bears (IceCv)
  2 hornets (Swamp:4)
  A tyrant leech (Swamp:2)
  A spriggan (Swamp:3)
  3 yaks (IceCv)
  A naga (Snake:4)
  A wyvern skeleton (D:14)
  A kobold (D:14)
  4 foxfires (Swamp:4)
  8 fungi
  9 plants
37 creatures vanquished.

Grand Total: 967 creatures vanquished

Notes
Turn   | Place    | Note
-------+----------+-------------------------------------------
     0 | D:1      | EnegeticOcto the Deep Dwarf Fighter began the quest for the
                  | Orb.
     0 | D:1      | Reached XP level 1. HP: 20/20 MP: 1/1
   258 | D:1      | Reached XP level 2. HP: 22/27 MP: 2/2
   491 | D:3      | Noticed Ijyb
   495 | D:3      | Reached XP level 3. HP: 22/34 MP: 3/3
   506 | D:3      | Killed Ijyb
   507 | D:3      | Reached XP level 4. HP: 39/42 MP: 4/4
   736 | D:3      | Reached XP level 5. HP: 36/49 MP: 5/5
   826 | D:4      | Noticed Duvessa
   826 | D:4      | Noticed Dowan
   838 | D:4      | Killed Duvessa
   839 | D:4      | Reached XP level 6. HP: 32/56 MP: 6/6
   846 | D:4      | Killed Dowan
   848 | D:4      | Found Veapahurgh's Gadget Shop.
   940 | D:4      | Reached skill level 5 in Axes
  1355 | D:4      | Found a shimmering blue altar of Sif Muna.
  1363 | D:4      | Found a sacrificial altar of Ru.
  1365 | D:4      | Found a radiant altar of Vehumet.
  1372 | D:4      | Found an iron altar of Okawaru.
  1372 | D:4      | Found an ornate altar of the Wu Jian Council.
  1667 | D:5      | Entered Level 5 of the Dungeon
  1697 | D:5      | Found a bloodstained altar of Trog.
  1697 | D:5      | Noticed a sky beast
  1720 | D:5      | Killed a sky beast
  1721 | D:5      | Reached skill level 5 in Armour
  1721 | D:5      | Reached skill level 5 in Shields
  1721 | D:5      | Reached XP level 7. HP: 58/64 MP: 7/7
  1733 | D:5      | Noticed Eustachio
  1736 | D:5      | Noticed Blork the orc
  1766 | D:5      | Killed Eustachio
  1767 | D:5      | Killed Blork the orc
  1911 | D:5      | Found a glowing drain.
  1989 | D:5      | Reached XP level 8. HP: 46/73 MP: 6/6
  2111 | D:5      | Found an iron altar of Okawaru.
  2211 | D:6      | Found a broken altar of Ashenzari.
  2216 | D:6      | Noticed Edmund
  2234 | D:6      | Killed Edmund
  2545 | D:6      | Reached skill level 5 in Fighting
  2976 | D:7      | Gained mutation: You passively map the area around you.
                  | [Deep Dwarf growth]
  2976 | D:7      | Reached XP level 9. HP: 64/81 MP: 5/5
  3417 | D:7      | Found a staircase to the Ecumenical Temple.
  3536 | Temple   | Entered the Ecumenical Temple
  3582 | Temple   | Became a worshipper of Makhleb the Destroyer
  3772 | D:8      | Reached skill level 1 in Invocations
  3800 | D:8      | Reached skill level 2 in Invocations
  3900 | D:8      | Reached skill level 3 in Invocations
  3970 | D:8      | Noticed Pikel
  3990 | D:8      | Killed Pikel
  3991 | D:8      | Reached skill level 4 in Invocations
  4089 | D:8      | Paralysed by a hornet for 2 turns
  4094 | D:8      | Paralysed by a hornet for 3 turns
  4116 | D:8      | Paralysed by a hornet for 2 turns
  4145 | D:8      | Noticed a two-headed ogre
  4161 | D:8      | Killed a two-headed ogre
  4162 | D:8      | Reached skill level 5 in Invocations
  4162 | D:8      | Reached XP level 10. HP: 71/91 MP: 5/7
  4218 | D:8      | Reached skill level 10 in Axes
  4273 | D:8      | Found a runed translucent gate.
  4273 | D:8      | Found a runed translucent gate.
  4273 | D:8      | Found a runed translucent gate.
  4276 | D:8      | Noticed ggurman's ghost (novice PaFi)
  4490 | D:9      | Found a staircase to the Orcish Mines.
  4504 | D:9      | Reached * piety under Makhleb
  4505 | D:9      | Reached skill level 6 in Invocations
  4711 | D:9      | Found a flagged portal.
  4727 | Bailey   | Entered a bailey
  4755 | Bailey   | Noticed an orc knight
  4786 | Bailey   | Killed an orc knight
  4811 | Bailey   | Found an iron altar of Okawaru.
  4811 | Bailey   | Noticed an orc high priest
  4811 | Bailey   | Noticed an orc high priest
  4821 | Bailey   | Killed an orc high priest
  4822 | Bailey   | Reached skill level 7 in Invocations
  4824 | Bailey   | Killed an orc high priest
  4847 | Bailey   | Noticed an orc knight
  4856 | Bailey   | Killed an orc knight
  4857 | Bailey   | Reached skill level 8 in Invocations
  4865 | Bailey   | Acquired a +1 pair of gloves of strength
  4867 | Bailey   | Acquired a +0 broad axe of flaming
  4892 | Bailey   | Noticed an orc knight
  4912 | Bailey   | Killed an orc knight
  4973 | Bailey   | Reached XP level 11. HP: 81/100 MP: 5/5
  4975 | Bailey   | Reached ** piety under Makhleb
  5241 | D:9      | Found a glowing silver altar of Zin.
  5489 | D:10     | Entered Level 10 of the Dungeon
  5680 | D:10     | Found a staircase to the Lair.
  5758 | D:10     | Reached skill level 9 in Invocations
  5769 | D:10     | Reached *** piety under Makhleb
  5791 | D:10     | Found a burning altar of Makhleb.
  5809 | D:10     | Found a glowing golden altar of the Shining One.
  6355 | D:11     | Reached **** piety under Makhleb
  6525 | D:11     | Noticed Erica
  6529 | D:11     | Noticed Josephine
  6541 | D:11     | Killed Josephine
  6549 | D:11     | Killed Erica
  6550 | D:11     | Reached skill level 10 in Invocations
  6830 | Lair:1   | Entered Level 1 of the Lair of Beasts
  7036 | Lair:1   | Reached XP level 12. HP: 100/110 MP: 7/7
  7139 | Lair:1   | Reached skill level 11 in Invocations
  7200 | Lair:1   | Reached ***** piety under Makhleb
  7319 | Lair:1   | Noticed dscm's ghost (novice TrHu)
  7326 | Lair:1   | Found a runed translucent door.
  7463 | Lair:2   | Noticed a four-headed hydra
  7471 | Lair:2   | Killed a one-headed hydra
  7498 | Lair:2   | Noticed a catoblepas
  7515 | Lair:2   | Killed a catoblepas
  7657 | Lair:2   | Noticed Prince Ribbit
  7663 | Lair:2   | Killed Prince Ribbit
  7808 | Lair:2   | Reached skill level 12 in Invocations
  7913 | Lair:2   | Reached skill level 10 in Shields
  7990 | Lair:2   | Noticed Fannar
  8010 | Lair:2   | Killed Fannar
  8011 | Lair:2   | Reached skill level 10 in Armour
  8312 | Lair:3   | Noticed a death yak
  8321 | Lair:3   | Killed a death yak
  8399 | Lair:3   | Found a staircase to the Snake Pit.
  8403 | Lair:3   | Reached XP level 13. HP: 73/118 MP: 8/8
  8407 | Lair:3   | Noticed Gastronok
  8425 | Lair:3   | Killed Gastronok
  8443 | Lair:3   | Found a frozen archway.
  8450 | Lair:3   | Reached skill level 13 in Invocations
  8481 | IceCv    | Entered an ice cave
  8642 | IceCv    | Noticed a white draconian
  8673 | IceCv    | Killed a white draconian
  8812 | Lair:3   | Found a staircase to the Swamp.
  8912 | Lair:3   | Reached ****** piety under Makhleb
  9096 | Lair:3   | Reached skill level 14 in Invocations
  9447 | D:12     | Found a hide-covered altar of Uskayaw.
  9733 | D:12     | Noticed a deep elf annihilator
  9749 | D:12     | Killed a deep elf annihilator
 10228 | D:12     | Found a roughly hewn altar of Beogh.
 10407 | Orc:1    | Entered Level 1 of the Orcish Mines
 10758 | Orc:2    | Entered Level 2 of the Orcish Mines
 10769 | Orc:2    | Gained mutation: You resist negative energy. (rN+) [Deep
                  | Dwarf growth]
 10769 | Orc:2    | Reached XP level 14. HP: 95/123 MP: 9/9
 10865 | Orc:2    | Noticed Azrael
 10883 | Orc:2    | Killed Azrael
 10968 | Orc:2    | Found a roughly hewn altar of Beogh.
 10981 | Orc:2    | Found Ynunwuh's Distillery.
 10998 | Orc:2    | Found Umaniacw's Gadget Shop.
 11213 | Orc:2    | Found a staircase to the Elven Halls.
 11296 | Orc:2    | Found Vijinuwy's Gadget Shop.
 11296 | Orc:2    | Found Guaqeh's Book Emporium.
 11491 | Orc:2    | Found a roughly hewn altar of Beogh.
 11618 | Orc:2    | Bought a condenser vane for 560 gold pieces
 11650 | Orc:2    | Bought a potion of invisibility for 96 gold pieces
 11650 | Orc:2    | Bought a potion of curing for 36 gold pieces
 11650 | Orc:2    | Bought a potion of heal wounds for 60 gold pieces
 11650 | Orc:2    | Bought a potion of curing for 36 gold pieces
 11650 | Orc:2    | Bought a potion of haste for 120 gold pieces
 11650 | Orc:2    | Bought a potion of heal wounds for 60 gold pieces
 11812 | D:4      | Bought a tin of tremorstones (2/2) for 440 gold pieces
 12160 | D:13     | Found a gate to the Vaults.
 12176 | D:13     | Reached skill level 1 in Evocations
 12181 | D:13     | Reached skill level 15 in Axes
 12182 | D:13     | Reached skill level 15 in Invocations
 12338 | D:13     | Found Bezaom's Distillery.
 12343 | D:13     | Bought a potion of haste for 150 gold pieces
 12343 | D:13     | Bought a potion of might for 60 gold pieces
 12343 | D:13     | Bought a potion of cancellation for 120 gold pieces
 12952 | D:14     | Reached skill level 10 in Fighting
 13496 | D:14     | Found Hyrghuh's Gadget Shop.
 13702 | D:15     | Entered Level 15 of the Dungeon
 13778 | D:15     | Reached XP level 15. HP: 128/138 MP: 11/11
 13822 | D:15     | Found a staircase to the Depths.
 13832 | D:15     | Reached skill level 16 in Invocations
 13920 | D:15     | Reached skill level 5 in Evocations
 14502 | Swamp:1  | Entered Level 1 of the Swamp
 14505 | Swamp:1  | Found a transporter.
 14861 | Swamp:3  | Identified Roxanne's Almanac of Shape Shifting
 14861 | Swamp:3  | Noticed Roxanne
 14886 | Swamp:3  | Killed Roxanne
 14944 | Swamp:3  | Found a shimmering altar of Xom.
 14962 | Swamp:4  | Entered Level 4 of the Swamp
 14975 | Swamp:4  | Noticed a tentacled monstrosity
 14984 | Swamp:4  | Killed a tentacled monstrosity
 15005 | Swamp:4  | Noticed a thorn hunter
 15018 | Swamp:4  | Killed a thorn hunter
 15019 | Swamp:4  | Reached skill level 17 in Invocations
 15140 | Swamp:4  | Reached XP level 16. HP: 34/148 MP: 6/6
 15142 | Swamp:4  | HP: 6/148 [shambling mangrove (14)]
 15143 | Swamp:4  | Paralysed by a hornet for 3 turns
 15237 | Swamp:4  | Got a decaying rune of Zot
 15369 | Snake:1  | Entered Level 1 of the Snake Pit
 16149 | Snake:3  | Reached skill level 1 in Dodging
 16255 | Snake:4  | Entered Level 4 of the Snake Pit
 16473 | Snake:4  | Reached skill level 18 in Invocations
 16634 | Snake:4  | Killed from afar by a nagaraja

Illustrated notes

Levels and vault maps discovered:
D:1:      lightli_arrival_farm, layout_basic, minmay_stone_trees_large,
          st_stairs_14, minivault_25
D:2:      minmay_razor_zed, layout_loops_cross, grunt_dithmenos_smoke,
          chequers_ecumenical_altar_lobes
D:3:      layout_rooms, st_stairs_4, uniq_ijyb, uniq_grinder
D:4:      minmay_door_path, layout_loops_ring, minmay_overflow_temple_star_hex,
          serial_shops, kennysheep_mini_moat, uniq_duvessa
D:5:      layout_rooms, bloody_trog, portal_sewer_entry_c, okawaru_gym_becter,
          uniq_blork_the_orc, uniq_eustachio
D:6:      layout_gridville, ashenzari_altar_1, uniq_edmund
D:7:      layout_cave_pods, temple_doors_cd
D:8:      layout_loops_cross, ebering_ghost_rock_garden, uniq_pikel
D:9:      layout_irregular_city, general_overflow_altar, enter_bailey_5,
          dk_noncrumbling_2
D:10:     layout_basic, david_lair_generic, nzn_life_drinkers
D:11:     layout_basic, grunt_decor_arrowhead, uniq_josephine, uniq_erica
D:12:     layout_loops_ring, special_room [special_room_orc], basic_altar,
          fungi_pond_lemuel, kennysheep_just_a_vault
D:13:     layout_irregular_city, lightli_vaults_fourway_checkpoint,
          serial_shops, kennysheep_little_box
D:14:     layout_loops_ring, serial_shops, nicolae_shop_window_shopping,
          minmay_misc_feat_x
D:15:     hangedman_depths_entry_civil_slaughter, layout_rooms,
          hangedman_abyss_or_decor_lesser_grid
Temple:   cyrus_circular_temple
Lair:1:   layout_layer_cave, special_room [special_room_bee],
          hellmonk_ghost_happy_afterlife, chequers_serial_rivers_small_3
Lair:2:   minmay_guarded_unrand_snakebite, layout_hall_layers, uniq_fannar,
          uniq_prince_ribbit2
Lair:3:   layout_misc_corridors, skrybe_swamp_entry_bodies,
          minmay_snake_entry_guardpost_large, portal_ice_cave_entry_ice_beasts,
          beast_lair_carwin_7, grunt_megastairs_5, lemuel_fruit_tree,
          infiniplex_staircase_pool_2, uniq_gastronok
Swamp:1:  gammafunk_sealed_arena, layout_basic_swamp, gammafunk_ghost_split,
          nicolae_swamp_trees_clearing, nicolae_swamp_necromancer_hut
Swamp:2:  layout_falls_marsh, nicolae_swamp_very_dense_foliage
Swamp:3:  layout_basic_swamp, basic_altar, uniq_roxanne
Swamp:4:  swamp_alternative, layout_basic_swamp
Snake:1:  layout_misc_corridors
Snake:2:  layout_honeycomb
Snake:3:  layout_layer_cave
Snake:4:  snake_pit, layout_rooms, guppyfry_library_mini
Orc:1:    layout_caves
Orc:2:    st_orc_town, layout_caves, basic_altar, uniq_azrael

Skill      XL: |  1  2  3  4  5  6  7  8  9 10 11 12 13 14 15 16 |
---------------+-------------------------------------------------+-----
Fighting       | 3 4 5 6 7 8 9 10 11 | 11.3
Axes           | 3 4 5 6 8 9 11 12 13 14 15 16 17 | 17.4
Armour         | 4 5 6 7 8 9 10 11 12 13 | 13.2
Shields        | 4 5 6 7 8 9 10 11 12 13 | 13.2
Invocations    | 5 8 10 12 14 15 17 18 | 18.3
Evocations     | 4 7 8 |  8.8
Dodging        | 3 |  3.3

Action                   |  1- 3 |  4- 6 |  7- 9 | 10-12 | 13-15 | 16-18 || total
-------------------------+-------+-------+-------+-------+-------+-------++-------
Melee: War axe           |    37 |   183 |   386 |   105 |       |       ||   711
       Broad axe         |       |       |       |   746 |  1371 |   340 ||  2457
Invok: Lesser Servant of |       |       |       |     2 |    21 |     2 ||    25
       Greater Servant o |       |       |       |       |     3 |     5 ||     8
 Abil: Heal Wounds       |     1 |     4 |    23 |    28 |    49 |    16 ||   121
Evoke: Wand              |       |       |       |     8 |    10 |     8 ||    26
       Tin of tremorston |       |       |       |       |     2 |     2 ||     4
       Condenser vane    |       |       |       |       |       |     1 ||     1
  Use: Scroll            |       |    10 |     2 |     9 |    12 |     2 ||    35
       Potion            |       |       |       |     1 |     2 |     1 ||     4
 Stab: Distracted        |       |       |       |       |    10 |     4 ||    14
       Confused          |       |       |       |       |     1 |       ||     1
Armor: Scale mail        |    30 |     5 |       |       |       |       ||    35
       Plate armour      |       |   107 |   406 |   623 |   969 |   316 ||  2421
Dodge: Dodged            |    17 |    30 |   123 |   238 |   391 |   119 ||   918
       Repelled          |       |       |       |       |     3 |    18 ||    21
Block: Kite shield       |    19 |   102 |   333 |   665 |  1070 |   336 ||  2525
